Map: Void Training Stage 2

Players

Piroxiljin - Winner!

  • Race: Terran Terran
  • Spawn Location: 3:00

Player 2

  • Race: Protoss Protoss
  • Spawn Location: 7:00

VOD

Have the link to the VOD?

Description

Time

  • Played on: Jan. 12, 2019, 1:33 p.m.
  • Length: 8:39
Show
View Real Time Build Order
Export as new Build Order

Piroxiljin Terran - Winner!

Build Orders:  

Get SALT Encoding   

  12  0:03  SCV  
  13  0:16  SCV  
  14  0:21  Supply Depot  
  14  0:28  SCV  
  15  0:43  SCV  
  16  0:55  SCV  
  17  1:01  Barracks  
  17  1:07  SCV  
  18  1:20  SCV  
  18  1:23  Barracks  
  19  1:30  Supply Depot  
  19  1:32  SCV  
  20  1:44  SCV  
  21  1:50  Refinery  
  21  2:03  SCV  
  21  2:08  Refinery  
  22  2:09  Command Center  
  22  2:18  Marine  
  22  2:20  SCV  
  24  2:37  Orbital Command  
  24  2:43  Barracks Tech Lab  
  24  2:45  Barracks Reactor  
  24  2:57  Supply Depot  
  24  3:10  SCV  
  25  3:22  Reaper x3  
  28  3:29  SCV  
  29  3:38  SCV  
  29  3:41  SCV  
  31  3:53  Engineering Bay  
  31  3:54  Reaper  
  32  4:01  Refinery  
  32  4:03  Orbital Command  
  32  4:18  Reaper x2  
  34  4:26  Combat Shield, Reaper  
  35  4:48  SCV  
  35  4:50  SCV, Reaper  
  38  4:53  Reaper  
  38  4:58  Reaper  
  40  5:00  SCV  
  41  5:18  Supply Depot  
  41  5:22  Reaper  
  41  5:28  Ghost Academy  
  42  5:31  Marauder  
  42  5:33  Marine  
  45  5:42  Supply Depot  
  45  5:51  Marine  
  45  5:53  Marauder  
  45  5:54  Marine  
  45  5:55  Terran Infantry Weapons Level 1  
  49  6:05  Supply Depot  
  49  6:08  Marine  
  50  6:14  Marauder  
  52  6:28  Supply Depot  
  52  6:35  Marauder  
  54  6:57  Marauder  
  54  8:14  SCV  
  54  8:15  SCV  
  56  8:26  SCV  
Show
View Real Time Build Order
Export as new Build Order

Player 2 Protoss 

Build Orders:  

Get SALT Encoding   

  12  0:00  Probe  
  13  0:13  Probe  
  14  0:22  Pylon  
  14  0:25  Probe  
  15  0:36  Probe  
  16  0:46  Assimilator  
  16  0:52  Gateway  
  16  0:55  Pylon  
  16  1:19  Assimilator  
  16  1:32  Zealot  
  16  1:44  Cybernetics Core  
  18  2:10  Pylon, Probe  
  19  2:18  Probe  
  20  2:23  Stalker  
  20  2:27  Probe  
  23  2:38  Warp Gate  
  23  2:40  Probe  
  24  2:50  Stalker  
  24  2:52  Probe  
  27  3:04  Probe  
  28  3:28  Adept  
  30  3:56  Adept  
  32  4:15  Probe  
  32  6:58  Probe  
  32  7:03  Stalker  
  32  7:04  Pylon  
  35  7:09  Nexus  
  35  7:15  Robotics Facility  
  25  7:27  Stalker  
  23  7:45  Pylon  
  23  8:04  Gateway  
  24  8:06  Pylon  
  22  8:25  Probe  
Tags
 
Add a new tag
Caveats
  • Supply blocks, unpowered buildings, or Contaminate may cause inaccurate times.
  • Supply counts are checked every 10 seconds.